 Dungeon Crawl Stone Soup version 0.31.0-11-ge490571c62 (webtiles) character file.

Game seed: 14289036908742815220

244 qw the Skirmisher (level 5, -2/30 HPs)
             Began as a Deep Elf Hunter on Feb 3, 2024.
             Slain by an ogre
             ... wielding a +0 giant spiked club
              (32 damage)
             ... on level 5 of the Dungeon.
             The game lasted 00:00:56 (3625 turns).

qw the Skirmisher (Deep Elf Hunter)                 Turns: 3625, Time: 00:00:57

Health: -2/30      AC: 11    Str:  9    XL:     5   Next: 83%
Magic:  7/7        EV: 11    Int: 13    God:
Gold:   219        SH:  0    Dex: 22    Spells: 4/4 levels left

rFire   . . .        a - +1 shortbow
rCold   . . .        (shield currently unavailable)
rNeg    + . .        b - +1 ring mail
rPois   .            l - +0 helmet
rElec   .            (no cloak)
rCorr   .            (no gloves)
SInv    .            (no boots)
Will    .....        (no amulet)
Stlth   +++          j - +4 ring of protection
HPRegen 0.25/turn    i - ring of positive energy
MPRegen 0.10/turn

%: no passive effects
@: hasted, very quick
A: claws 2, camouflage 1, agile 1
a: no special abilities


You were on level 5 of the Dungeon.
You visited 1 branch of the dungeon, and saw 5 of its levels.

You collected 219 gold pieces.


Innate Abilities, Weirdness & Mutations

You have very sharp fingernails.
Your skin changes colour to match your surroundings (Stealth+).
You are agile. (Dex +4, Str/Int -1)


   Skills:
 - Level 2.0 Fighting
 + Level 9.0 Ranged Weapons
 - Level 3.0 Dodging
 - Level 1.2 Stealth


You had 4 spell levels left.
You didn't know any spells.
Your spell library was empty.

Inventory:

Hand Weapons
 a - a +1 shortbow (weapon)
Armour
 b - a +1 ring mail (worn)
 l - a +0 helmet (worn)
Jewellery
 i - a ring of positive energy (right claw)
 j - a +4 ring of protection (left claw)
Wands
 f - a wand of flame (20)
Scrolls
 c - 2 scrolls of teleportation
 k - a scroll of torment {unknown}
Potions
 d - 2 potions of might
 e - a potion of haste
 g - a potion of curing
 h - a potion of mutation

Dungeon Overview and Level Annotations

Branches:
Dungeon (5/15)
 Temple: D:4-7

Altars:
Dithmenos
Gozag
Hepliaklqana
Kikubaaqudgha
Uskayaw


Message History

You shoot an arrow. The arrow barely misses the orc.
The orc shouts!
You shoot an arrow. The arrow hits the orc.
You kill the orc!
You shoot an arrow. The arrow hits the orc!
You kill the orc!
You shoot an arrow. The arrow hits the orc.
The orc is lightly wounded.
You shoot an arrow. The arrow hits the orc.
The orc is almost dead.
You shoot an arrow. The arrow hits the orc!
You kill the orc!
You shoot an arrow. The arrow hits the orc.
You kill the orc!
Your Dodging skill increases to level 3!
Things that are here:
a +0 hand axe; a +0 hand axe; an orc corpse
Things that are here:
a +0 short sword; a +0 scale mail You see here a +0 club.
k - a scroll labelled DAIWEXEOXECH A ribbon worm comes into view.
You shoot an arrow. The arrow hits the ribbon worm.
The ribbon worm is lightly wounded.
Found a scroll labelled ONTOT ESSI NIO.
You shoot an arrow.
The arrow barely misses the ribbon worm.
You hear a shout!
You shoot an arrow.
The arrow completely misses the ribbon worm.
An ogre comes into view. It is wielding a +0 giant spiked club.
3623 ||| DRINKING 2 potions of haste.
You feel yourself speed up.
You shoot an arrow. The arrow hits the ogre!
The ogre is moderately wounded.
You shoot an arrow.
The arrow hits the ogre but does no damage.
The ogre is moderately wounded.
The ogre hits you with a +0 giant spiked club!!
Ouch! That really hurt!
You die...

##.# ....
.# #..#
.# ..# #
..? .
##.#
##.w.
#.O# #@#
#.# #.#
#.# ###.#
## #...#
.####
#.###
....##
#.#
###..####
#.#


You could see an ogre and a ribbon worm.

Vanquished Creatures
  2 hounds (D:4)
  An orc wizard (D:4)
  4 gnolls (D:4)
  4 adders
  A ribbon worm (D:3)
  A dart slug (D:3)
  10 orcs
  5 ball pythons
  5 endoplasms
  A giant cockroach (D:1)
  5 goblins
  8 hobgoblins
  6 kobolds
  5 quokkas
  A bat (D:1)
  3 frilled lizards
  9 rats
71 creatures vanquished.

Notes
Turn   | Place    | Note
-------+----------+-------------------------------------------
     0 | D:1      | qw the Deep Elf Hunter began the quest for the Orb.
     0 | D:1      | Reached XP level 1. HP: 12/12 MP: 3/3
     0 | D:1      | 0 ||| qw: Version: 0.3-a-155-g5e7d8dd
     0 | D:1      | 0 ||| qw: Game counter: 3257
     0 | D:1      | 0 ||| qw: Melee chars always use a shield: true
     0 | D:1      | 0 ||| qw: God list: Okawaru
     0 | D:1      | 0 ||| qw: Allow faded altars: false
     0 | D:1      | 0 ||| qw: Do Orc after clearing Dungeon:15 true
     0 | D:1      | 0 ||| qw: Do second Lair branch before Depths: true
     0 | D:1      | 0 ||| qw: Lair rune preference: random
     0 | D:1      | 0 ||| qw: Goals: Normal
     0 | D:1      | 0 ||| PLANNING D:1-11
    87 | D:1      | Reached XP level 2. HP: 16/16 MP: 4/4
    95 | D:1      | Reached skill level 6 in Ranged Weapons
   575 | D:1      | 575 ||| READING 2 scrolls labelled ESUERHITOD.
   575 | D:1      | 575 ||| IDENTIFYING fuming red potion
   576 | D:1      | 576 ||| READING scroll of identify.
   576 | D:1      | 576 ||| IDENTIFYING scroll labelled FIPSAE JIAGG
   577 | D:1      | 577 ||| DROPPING scroll of butterflies.
   578 | D:1      | 578 ||| DROPPING scroll of fear.
   812 | D:2      | Reached XP level 3. HP: 20/20 MP: 5/5
   850 | D:2      | Found an opulent altar of Gozag.
  1584 | D:2      | 1584 ||| UPGRADING to +0 ring mail.
  1594 | D:2      | 1594 ||| DROPPING +0 leather armour.
  1595 | D:2      | 1595 ||| UPGRADING to +4 ring of protection.
  1596 | D:2      | 1596 ||| READING 2 scrolls of identify.
  1596 | D:2      | 1596 ||| IDENTIFYING amethyst potion
  1597 | D:2      | 1597 ||| READING scroll of identify.
  1597 | D:2      | 1597 ||| IDENTIFYING bubbling purple potion
  1598 | D:2      | 1598 ||| READING scroll labelled LUOJYD WAVUW.
  1599 | D:2      | 1599 ||| DRINKING 2 sapphire potions.
  1599 | D:2      | Gained mutation: You have sharp fingernails. [potion of
                  | mutation]
  1599 | D:2      | Gained mutation: Your skin changes colour to match your
                  | surroundings (Stealth+). [potion of mutation]
  1599 | D:2      | Gained mutation: You are agile. (Dex +4, Str/Int -1)
                  | [potion of mutation]
  1599 | D:2      | Gained mutation: You have very sharp fingernails. [potion
                  | of mutation]
  1600 | D:2      | 1600 ||| DROPPING potion of invisibility.
  1629 | D:3      | 1629 ||| STAIRDANCE
  1635 | D:3      | 1635 ||| STAIRDANCE
  1638 | D:2      | Reached skill level 7 in Ranged Weapons
  1914 | D:3      | Found a faded altar of an unknown god.
  1976 | D:3      | Reached XP level 4. HP: 25/25 MP: 6/6
  2317 | D:3      | 2317 ||| UPGRADING to ring of positive energy.
  2318 | D:3      | 2318 ||| READING scroll of identify.
  2318 | D:3      | 2318 ||| IDENTIFYING viscous grey potion
  2319 | D:3      | 2319 ||| READING 3 scrolls labelled HEHIRE ISUIJECS.
  2323 | D:3      | 2323 ||| READING scroll labelled TUKODD PEGIRPHI.
  2424 | D:3      | 2424 ||| READING scroll labelled WITWUL LIKK.
  2424 | D:3      | 2424 ||| ENCHANTING +0 ring mail.
  2425 | D:3      | 2425 ||| DRINKING 2 inky potions.
  2426 | D:3      | 2426 ||| DRINKING red potion.
  2430 | D:3      | 2430 ||| DROPPING potion of attraction.
  2431 | D:3      | 2431 ||| DROPPING potion of ambrosia.
  2690 | D:4      | Reached skill level 8 in Ranged Weapons
  2713 | D:4      | Reached XP level 5. HP: 29/29 MP: 7/7
  3008 | D:4      | Reached skill level 9 in Ranged Weapons
  3362 | D:4      | Found an ancient bone altar of Kikubaaqudgha.
  3362 | D:4      | Found a faded altar of an unknown god.
  3370 | D:4      | Found a hazy altar of Hepliaklqana.
  3372 | D:4      | Found a hide-covered altar of Uskayaw.
  3374 | D:4      | Found a shadowy altar of Dithmenos.
  3468 | D:4      | 3468 ||| UPGRADING to +0 helmet.
  3473 | D:4      | 3473 ||| READING scroll of identify.
  3473 | D:4      | 3473 ||| IDENTIFYING clear potion
  3474 | D:4      | 3474 ||| READING scroll labelled ZOREINNAUF.
  3474 | D:4      | 3474 ||| ENCHANTING +0 shortbow.
  3492 | D:5      | Entered Level 5 of the Dungeon
  3581 | D:5      | Reached skill level 3 in Dodging
  3622 | D:5      | Noticed an ogre
  3623 | D:5      | 3623 ||| DRINKING 2 potions of haste.
  3625 | D:5      | Slain by an ogre

Levels and vault maps discovered:
D:1:      sevenhm_arrival_forest_fort_small_5, layout_basic,
          nrook_mini_backslash
D:2:      layout_basic, basic_altar
D:3:      layout_loops_cross, shapermc_ecumenical_altar_mp_vishouse
D:4:      layout_basic, chequers_temple_overflow_minitemple,
          roderic_serpentine_path
D:5:      layout_rooms, serial_shops, shop, chequers_serial_rivers_micro_b,
          nicolae_shop_clearance

Skill      XL: |  1  2  3  4  5 |
---------------+----------------+-----
Ranged Weapons | 6 7 8 9 |  9.0
Fighting       | 2 |  2.0
Dodging        | 3 |  3.0
Stealth        | |  1.2

Action                     |  1- 3 |  4- 6 || total
---------------------------+-------+-------++-------
   Fire: Shortbow          |   100 |   100 ||   200
    Use: Scroll            |     5 |     6 ||    11
         Potion            |     1 |     3 ||     4
 Armour: Leather armour    |     2 |       ||     2
         Ring mail         |     4 |    15 ||    19
  Dodge: Dodged            |     6 |    18 ||    24

Table legend:
 A = Non-vault XP
 B = Vault XP
 C = Vault XP percentage of total XP
 D = Non-vault monster count
 E = Vault monster count
 F = Vault count percentage of total count
                 A         B        C        D         E       F
            +---------+---------+-------+---------+---------+-------
      Total |     349 |       0 |   0.0 |      71 |       0 |   0.0
            +---------+---------+-------+---------+---------+-------
        D:1 |      33 |       0 |   0.0 |      21 |       0 |   0.0
        D:2 |      30 |       0 |   0.0 |      12 |       0 |   0.0
        D:3 |      38 |       0 |   0.0 |      11 |       0 |   0.0
        D:4 |     219 |       0 |   0.0 |      21 |       0 |   0.0
        D:5 |      29 |       0 |   0.0 |       6 |       0 |   0.0
            +---------+---------+-------+---------+---------+-------
